General information
- name: BNet
- type: Ladder team game (AT/RT)
- host: Battle.net
- saver: MomoiroOmnio
map: DragonFalls
- players: 8
- length: 62:02
- speed: Fast
- version: 1.26 W3XP
- replay type: Public
» download(304 KB)
Players
team 1 (winner)
Smashdeath (
green | 51 APM | 3173 actions | 62:01)
7 Archmage
3 Summon Water Elemental
3 Brilliance Aura
1 Mass Teleport
4 Mountain King
2 Storm Bolt
2 Thunder Clap
» actions
| Assign group hotkey | 47 | |
| Basic commands | 464 | |
| Build / train | 113 | |
| ESC pressed | 7 | |
| Enter build submenu | 43 | |
| Enter hero's abilities submenu | 11 | |
| Right click | 1158 | |
| Select / deselect | 566 | |
| Select group hotkey | 541 | |
| Use ability | 223 | |
3173 total
» units
| Peasant | 19 | |
| Footman | 11 | |
| Goblin Shredder | 2 | |
| Goblin Zeppelin | 1 | |
| Siege Engine | 7 | |
| Knight | 6 | |
| Spell Breaker | 6 | |
| Gryphon Rider | 5 | |
57 total
» upgrades
| Defend | 1 | |
| Masonry | 1 | |
| Plating | 3 | |
| Swords | 1 | |
| Gunpowder | 3 | |
| Barrage | 1 | |
| Animal War Training | 1 | |
11 total
» buildings
| Altar of Kings | 4 | |
| Farm | 13 | |
| Barracks | 3 | |
| Town Hall | 3 | |
| Scout Tower | 28 | |
| Lumber Mill | 1 | |
| Arcane Tower | 1 | |
| Guard Tower | 14 | |
| Arcane Vault | 1 | |
| Keep | 2 | |
| Blacksmith | 1 | |
| Castle | 2 | |
| Workshop | 2 | |
| Arcane Sanctum | 1 | |
| Cannon Tower | 1 | |
| Gryphon Aviary | 2 | |
79 total
» build order
00:13 Altar of Kings
00:38 Farm
00:44 Barracks
01:07 Farm
02:34 Farm
02:36 Farm
03:29 Town Hall
04:09 Scout Tower
04:10 Scout Tower
04:15 Scout Tower
04:20 Lumber Mill
04:40 Arcane Tower
05:10 Guard Tower
05:20 Barracks
06:11 Arcane Vault
07:22 Keep
07:23 Keep
07:38 Blacksmith
08:35 Scout Tower
08:37 Scout Tower
08:38 Scout Tower
08:40 Scout Tower
08:41 Scout Tower
08:42 Scout Tower
08:43 Scout Tower
08:45 Scout Tower
09:11 Farm
09:13 Farm
09:13 Farm
09:14 Farm
09:26 Guard Tower
09:27 Guard Tower
09:29 Guard Tower
09:57 Castle
09:58 Castle
10:22 Guard Tower
10:22 Guard Tower
10:26 Scout Tower
10:27 Scout Tower
10:28 Scout Tower
10:31 Scout Tower
10:32 Scout Tower
10:48 Scout Tower
10:49 Scout Tower
10:52 Scout Tower
10:54 Scout Tower
11:21 Guard Tower
11:21 Guard Tower
11:58 Guard Tower
12:48 Workshop
12:51 Workshop
16:07 Arcane Sanctum
16:35 Cannon Tower
16:37 Guard Tower
18:56 Barracks
19:22 Scout Tower
19:23 Scout Tower
19:27 Scout Tower
21:47 Gryphon Aviary
21:52 Gryphon Aviary
22:17 Town Hall
23:33 Guard Tower
23:43 Scout Tower
23:45 Scout Tower
23:46 Scout Tower
23:47 Scout Tower
23:48 Scout Tower
30:57 Guard Tower
31:40 Guard Tower
39:07 Town Hall
39:41 Altar of Kings
39:48 Farm
41:00 Farm
41:01 Farm
43:10 Altar of Kings
58:14 Altar of Kings
59:31 Farm
59:33 Farm
» items
| Scroll of Regeneration | 2 | |
| Orb of Venom | 1 | |
| Potion of Healing | 1 | |
| Ivory Tower | 4 | |
| Boots of Speed | 1 | |
9 total
xIAolOrd (
yellow | 77 APM | 4751 actions | 62:01)
7 Warden
3 Shadow Strike
3 Blink
1 Spirit of Vengeance
5 Keeper of the Grove
3 Entangling Roots
2 Thorns Aura
» actions
| Assign group hotkey | 392 | |
| Basic commands | 9 | |
| Build / train | 120 | |
| Enter build submenu | 41 | |
| Enter hero's abilities submenu | 14 | |
| Give item / drop item | 8 | |
| Remove unit from queue | 1 | |
| Right click | 2606 | |
| Select / deselect | 775 | |
| Select group hotkey | 585 | |
| Use ability | 199 | |
4751 total
» units
| Wisp | 40 | |
| Huntress | 7 | |
| Dryad | 9 | |
| Druid of the Claw | 14 | |
| Chimaera | 8 | |
78 total
» upgrades
| Druid of the Claw Training | 2 | |
| Abolish Magic | 1 | |
| Mark of the Claw | 1 | |
| Strength of the Wild | 3 | |
| Reinforced Hides | 2 | |
9 total
» buildings
| Altar of Elders | 4 | |
| Moon Well | 15 | |
| Hunter's Hall | 2 | |
| Ancient of War | 1 | |
| Tree of Ages | 3 | |
| Ancient of Wonders | 2 | |
| Ancient of Lore | 2 | |
| Tree of Eternity | 3 | |
| Tree of Life | 6 | |
| Ancient of Wind | 1 | |
| Chimaera Roost | 3 | |
42 total
» build order
00:08 Altar of Elders
00:11 Moon Well
01:04 Hunter's Hall
01:41 Ancient of War
02:03 Moon Well
02:40 Moon Well
03:47 Tree of Ages
05:12 Ancient of Wonders
06:23 Ancient of Lore
06:32 Ancient of Lore
06:49 Moon Well
07:14 Tree of Eternity
08:41 Moon Well
09:46 Moon Well
11:57 Tree of Life
13:18 Moon Well
27:40 Tree of Ages
27:43 Altar of Elders
28:48 Ancient of Wonders
31:03 Tree of Eternity
31:54 Ancient of Wind
33:43 Chimaera Roost
33:49 Chimaera Roost
33:54 Chimaera Roost
34:13 Moon Well
34:42 Moon Well
35:03 Moon Well
37:11 Moon Well
39:25 Tree of Life
39:30 Moon Well
40:28 Altar of Elders
41:42 Tree of Ages
41:45 Moon Well
41:52 Hunter's Hall
44:08 Tree of Eternity
49:15 Tree of Life
51:34 Tree of Life
51:39 Moon Well
52:36 Tree of Life
57:36 Tree of Life
60:50 Moon Well
60:57 Altar of Elders
» items
| Orb of Venom | 1 | |
| Potion of Healing | 5 | |
| Boots of Speed | 2 | |
| Scroll of Town Portal | 1 | |
| Potion of Mana | 1 | |
| Potion of Lesser Invulnerability | 2 | |
12 total
junkacct (
blue | 36 APM | 2260 actions | 62:01)
9 Blademaster
3 Wind Walk
3 Critical Strike
1 Bladestorm
2 Mirror Image
» actions
| Assign group hotkey | 9 | |
| Build / train | 101 | |
| Enter build submenu | 54 | |
| Enter hero's abilities submenu | 9 | |
| Give item / drop item | 3 | |
| Remove unit from queue | 7 | |
| Right click | 978 | |
| Select / deselect | 348 | |
| Select group hotkey | 610 | |
| Use ability | 140 | |
2260 total
» units
| Peon | 37 | |
| Grunt | 12 | |
| Troll Batrider | 7 | |
| Shaman | 1 | |
| Goblin Sapper | 3 | |
60 total
» upgrades
| Pillage | 1 | |
| Berserker Strength | 1 | |
| Liquid Fire | 1 | |
| Ranged Weapons | 2 | |
| Armor | 1 | |
| Shaman Training | 2 | |
8 total
» buildings
| Altar of Storms | 1 | |
| Orc Burrow | 16 | |
| Barracks | 2 | |
| War Mill | 6 | |
| Stronghold | 1 | |
| Voodoo Lounge | 3 | |
| Fortress | 1 | |
| Beastiary | 2 | |
| Great Hall | 10 | |
| Spirit Lodge | 1 | |
| Watch Tower | 6 | |
49 total
» build order
00:08 Altar of Storms
00:16 Orc Burrow
01:01 Barracks
02:09 Orc Burrow
02:46 Orc Burrow
03:24 War Mill
05:05 Stronghold
06:15 Voodoo Lounge
06:41 War Mill
07:26 Fortress
07:30 Beastiary
07:34 Beastiary
07:54 Orc Burrow
07:56 Orc Burrow
09:33 Great Hall
11:53 Orc Burrow
12:01 Orc Burrow
13:19 Spirit Lodge
16:36 Great Hall
16:52 Orc Burrow
17:01 Orc Burrow
19:53 Watch Tower
20:51 Watch Tower
22:17 Watch Tower
24:09 Orc Burrow
25:27 Great Hall
26:04 Great Hall
28:50 Great Hall
29:16 Orc Burrow
32:15 Orc Burrow
32:18 Voodoo Lounge
34:00 Barracks
34:01 Stronghold
34:08 War Mill
38:27 Great Hall
38:30 War Mill
41:12 Voodoo Lounge
41:19 Great Hall
42:13 Watch Tower
42:24 Watch Tower
44:04 War Mill
45:54 Great Hall
48:37 War Mill
49:17 Orc Burrow
50:04 Watch Tower
50:50 Orc Burrow
51:46 Orc Burrow
53:26 Great Hall
54:18 Orc Burrow
61:28 Great Hall
» items
| Lesser Clarity Potion | 5 | |
| Healing Salve | 3 | |
| Scroll of Regeneration | 2 | |
| Orb of Lightning | 1 | |
| Potion of Healing | 2 | |
| Scroll of Town Portal | 2 | |
| Potion of Mana | 1 | |
| Staff of Teleportation | 1 | |
17 total
MomoiroOmnio (
red | 7 APM | 431 actions | 62:02)
» actions
| Basic commands | 1 | |
| ESC pressed | 1 | |
| Enter build submenu | 1 | |
| Right click | 40 | |
| Select / deselect | 377 | |
| Use ability | 10 | |
431 total
» buildings
» build order
01:18 Ancient of Wonders
01:18 Ancient of Wonders
01:20 Ancient of Wonders
01:21 Ancient of Wonders
01:22 Ancient of Wonders
01:23 Ancient of Wonders
team 2 (loser)

»
HEREiCUM (
orange | 30 APM | 43 actions | 01:24)
» actions
| Build / train | 17 | |
| Enter build submenu | 3 | |
| Right click | 6 | |
| Select / deselect | 14 | |
| Use ability | 3 | |
43 total
» units
» buildings
| Moon Well | 1 | |
| Altar of Elders | 1 | |
| Ancient of War | 1 | |
3 total
» build order
00:22 Moon Well
00:33 Altar of Elders
01:15 Ancient of War
NiRiVia (
pink | 80 APM | 2222 actions | 27:56)
6 Far Seer
3 Chain Lighting
2 Feral Spirit
1 Earth Quake
1 Demon Hunter
1 Mana Burn
5 Shadow Hunter
2 Hex
3 Healing Wave
» actions
| Assign group hotkey | 51 | |
| Basic commands | 44 | |
| Build / train | 71 | |
| Enter build submenu | 21 | |
| Enter hero's abilities submenu | 12 | |
| Give item / drop item | 2 | |
| Remove unit from queue | 1 | |
| Right click | 1255 | |
| Select / deselect | 327 | |
| Select group hotkey | 304 | |
| Use ability | 134 | |
2222 total
» units
| Peon | 16 | |
| Grunt | 3 | |
| Troll Witch Doctor | 10 | |
| Tauren | 11 | |
40 total
» upgrades
| Armor | 1 | |
| Witch Doctor Training | 2 | |
| Melee Weapons | 2 | |
| Pulverize | 1 | |
6 total
» buildings
| Altar of Storms | 1 | |
| Orc Burrow | 6 | |
| Barracks | 1 | |
| Moon Well | 1 | |
| Ancient of War | 1 | |
| Voodoo Lounge | 1 | |
| Stronghold | 1 | |
| War Mill | 2 | |
| Tree of Ages | 1 | |
| Spirit Lodge | 1 | |
| Fortress | 1 | |
| Great Hall | 1 | |
| Tauren Totem | 3 | |
| Watch Tower | 5 | |
26 total
» build order
00:08 Altar of Storms
00:18 Orc Burrow
00:36 Barracks
01:36 Orc Burrow
01:52 Moon Well
01:56 Ancient of War
02:06 Voodoo Lounge
03:10 Stronghold
04:02 War Mill
04:04 Orc Burrow
04:31 Tree of Ages
04:46 Orc Burrow
05:46 Spirit Lodge
06:17 Fortress
07:47 Great Hall
09:39 Tauren Totem
11:22 Orc Burrow
11:23 Orc Burrow
12:56 War Mill
13:34 Tauren Totem
17:16 Tauren Totem
18:41 Watch Tower
18:42 Watch Tower
18:43 Watch Tower
18:45 Watch Tower
18:48 Watch Tower
» items
| Healing Salve | 2 | |
| Lesser Clarity Potion | 2 | |
| Scroll of Speed | 1 | |
| Scroll of Town Portal | 1 | |
6 total
SwagMasterChang (
purple | 29 APM | 1664 actions | 58:21)
4 Paladin
2 Devotion Aura
2 Holy Light
2 Dark Ranger
1 Life Drain
1 Black Arrow
5 Demon Hunter
1 Evasion
1 Mana Burn
1 Metamorphosis
2 Immolation
1 Shadow Hunter
1 Big Bad Voodoo
1 Far Seer
1 Far Sight
» actions
| Assign group hotkey | 4 | |
| Basic commands | 7 | |
| Build / train | 76 | |
| Enter build submenu | 55 | |
| Enter hero's abilities submenu | 15 | |
| Remove unit from queue | 3 | |
| Right click | 871 | |
| Select / deselect | 447 | |
| Select group hotkey | 4 | |
| Use ability | 182 | |
1664 total
» units
| Peasant | 23 | |
| Footman | 10 | |
| Mortar Team | 7 | |
40 total
» buildings
| Farm | 14 | |
| Altar of Kings | 2 | |
| Barracks | 2 | |
| Keep | 2 | |
| Blacksmith | 1 | |
| Scout Tower | 24 | |
| Arcane Vault | 1 | |
| Arcane Tower | 1 | |
| Workshop | 1 | |
| Lumber Mill | 4 | |
| Town Hall | 3 | |
| Tree of Eternity | 1 | |
| Ancient of Wind | 1 | |
| Guard Tower | 10 | |
67 total
» build order
00:23 Farm
00:36 Altar of Kings
00:54 Barracks
01:05 Farm
01:58 Farm
02:37 Farm
03:25 Farm
04:25 Farm
04:26 Keep
06:13 Blacksmith
06:17 Scout Tower
06:59 Arcane Vault
07:30 Arcane Tower
07:43 Workshop
09:43 Farm
10:41 Farm
10:48 Lumber Mill
10:59 Town Hall
11:34 Farm
12:33 Tree of Eternity
12:37 Ancient of Wind
13:02 Farm
14:06 Farm
18:40 Scout Tower
18:56 Town Hall
19:46 Scout Tower
19:48 Scout Tower
19:50 Scout Tower
19:54 Scout Tower
20:22 Scout Tower
20:25 Scout Tower
20:26 Scout Tower
20:28 Scout Tower
20:37 Lumber Mill
21:06 Guard Tower
21:07 Guard Tower
21:20 Guard Tower
22:06 Lumber Mill
23:25 Scout Tower
23:26 Scout Tower
23:28 Scout Tower
23:29 Scout Tower
23:30 Scout Tower
24:29 Guard Tower
24:31 Guard Tower
24:33 Scout Tower
24:34 Scout Tower
24:36 Scout Tower
24:37 Scout Tower
24:38 Scout Tower
24:45 Scout Tower
24:48 Scout Tower
25:03 Guard Tower
25:04 Guard Tower
25:11 Guard Tower
25:13 Guard Tower
26:42 Scout Tower
26:49 Guard Tower
32:16 Town Hall
36:38 Lumber Mill
38:34 Altar of Kings
39:41 Farm
39:43 Farm
40:15 Farm
40:17 Barracks
40:18 Keep
47:11 Scout Tower
» items
| Scroll of Regeneration | 1 | |
| Potion of Mana | 1 | |
| Lesser Clarity Potion | 1 | |
3 total
tactical (
teal | 35 APM | 2174 actions | 62:00)
10 Tauren Chieftain
3 Endurance Aura
3 War Stomp
1 Reincarnation
3 Shockwave
2 Demon Hunter
1 Mana Burn
1 Evasion
1 Far Seer
1 Feral Spirit
» actions
| Assign group hotkey | 25 | |
| Basic commands | 4 | |
| Build / train | 149 | |
| Enter build submenu | 48 | |
| Enter hero's abilities submenu | 13 | |
| Give item / drop item | 3 | |
| Remove unit from queue | 1 | |
| Right click | 982 | |
| Select / deselect | 603 | |
| Select group hotkey | 137 | |
| Use ability | 209 | |
2174 total
» units
| Peon | 32 | |
| Grunt | 12 | |
| Huntress | 8 | |
| Troll Headhunter/Berserker | 19 | |
| Archer | 14 | |
| Troll Witch Doctor | 16 | |
| Shaman | 1 | |
102 total
» upgrades
| Strength of the Moon | 1 | |
| Moon Armor | 1 | |
| Armor | 2 | |
| Spiked Barricades | 1 | |
| Melee Weapons | 2 | |
| Improved Bows | 1 | |
| Troll Regeneration | 1 | |
| Berserker Strength | 1 | |
| Ranged Weapons | 1 | |
| Witch Doctor Training | 2 | |
| Berserker Upgrade | 1 | |
| Shaman Training | 2 | |
16 total
» buildings
| Altar of Storms | 1 | |
| Orc Burrow | 8 | |
| Voodoo Lounge | 2 | |
| Barracks | 2 | |
| Hunter's Hall | 1 | |
| Moon Well | 4 | |
| War Mill | 2 | |
| Stronghold | 1 | |
| Fortress | 1 | |
| Spirit Lodge | 2 | |
| Great Hall | 9 | |
| Watch Tower | 17 | |
50 total
» build order
00:15 Altar of Storms
00:38 Orc Burrow
01:21 Orc Burrow
01:41 Voodoo Lounge
02:26 Barracks
02:27 Barracks
03:23 Orc Burrow
03:24 Orc Burrow
03:25 Orc Burrow
03:52 Hunter's Hall
03:55 Moon Well
03:57 Moon Well
04:19 War Mill
04:47 Voodoo Lounge
05:14 Moon Well
05:17 Moon Well
07:32 Stronghold
09:53 Fortress
09:59 Spirit Lodge
10:01 Spirit Lodge
12:52 Great Hall
12:53 Watch Tower
12:55 Watch Tower
13:07 Watch Tower
14:04 Watch Tower
14:07 Watch Tower
14:47 Watch Tower
19:28 Orc Burrow
19:28 Orc Burrow
19:29 Orc Burrow
20:04 Watch Tower
20:06 Watch Tower
20:12 Watch Tower
21:23 Watch Tower
21:27 Watch Tower
22:02 Great Hall
23:35 Great Hall
23:48 Watch Tower
23:50 Watch Tower
24:35 Great Hall
27:27 War Mill
47:08 Watch Tower
47:10 Watch Tower
47:45 Great Hall
48:41 Great Hall
48:47 Great Hall
48:53 Great Hall
48:57 Great Hall
49:34 Watch Tower
49:36 Watch Tower
» items
| Scroll of Speed | 2 | |
| Healing Salve | 1 | |
| Lesser Clarity Potion | 1 | |
| Scroll of Town Portal | 3 | |
| Scroll of Healing | 1 | |
| Potion of Lesser Invulnerability | 1 | |
| Boots of Speed | 1 | |
| Orb of Lightning | 1 | |
| Potion of Healing | 2 | |
13 total
Chat log
(00:15 / All) MomoiroOmnio: let's end this quickly!
(00:19 / All) MomoiroOmnio: my way...
(00:24 / All) junkacct: sigh
(00:25 / All) SwagMasterChang: rape? :D
(00:39 / All) junkacct: dorks in WC
(01:09 / Allies) junkacct: free expo green
(01:19 / All) HEREiCUM: comon man
(01:32 / All) SwagMasterChang: he quit... wtf
(01:33 / Allies) junkacct: lol
(01:44 / All) SwagMasterChang: it is just ancient noobs
(01:54 / All) MomoiroOmnio: must have wanted a good game, huh?
(02:10 / All) SwagMasterChang: w/e fuck that whore
(02:52 / Allies) MomoiroOmnio: fight
(02:55 / Allies) MomoiroOmnio: between
(02:57 / Allies) MomoiroOmnio: the trees
(03:36 / All) SwagMasterChang: red you kinda fucked your team
(03:52 / All) MomoiroOmnio: so what if I did?
(03:58 / All) SwagMasterChang: noob
(04:00 / All) MomoiroOmnio: i need my loss for a good reason
(04:53 / All) SwagMasterChang: fail blue
(05:04 / All) SwagMasterChang: oooh towers
(05:08 / All) SwagMasterChang: best get morts -.-
(05:09 / All) junkacct: LOL
(05:31 / All) SwagMasterChang: LMFAO RED
(05:32 / All) SwagMasterChang: OMFG
(05:44 / Allies) junkacct: eat a tree red
(06:22 / Allies) junkacct: ty
(06:23 / Allies) MomoiroOmnio: thanks for the advice
(06:34 / Allies) junkacct: sry i was a bit late on it
(06:45 / Allies) MomoiroOmnio: at least one of them left the game
(06:56 / All) MomoiroOmnio: and you guys should have shame
(07:01 / All) MomoiroOmnio: 4v3?
(07:04 / All) MomoiroOmnio: could have rushed
(07:06 / All) MomoiroOmnio: but no
(07:13 / All) MomoiroOmnio: so now what?
(07:16 / All) SwagMasterChang: we were going to but that noob left
(07:26 / All) SwagMasterChang: ;)
(07:26 / All) MomoiroOmnio: great excuse...
(07:37 / All) SwagMasterChang: yeah, excuse master right here
(07:51 / All) MomoiroOmnio: okay Master Chang
(08:03 / All) MomoiroOmnio: then master this match and get out of here already
(08:09 / All) MomoiroOmnio: how long do we have to wait?
(08:09 / All) SwagMasterChang: lol
(08:13 / All) SwagMasterChang: qq nub
(08:26 / Allies) xIAolOrd: ?
(08:32 / All) MomoiroOmnio: we're waiting for our death...
(09:18 / All) SwagMasterChang: well, green probably towered the piss outta his base and is rushing air, so i will need aa? and there is an expo at the other
(09:21 / All) MomoiroOmnio: okay except for me the death part
(09:23 / All) SwagMasterChang: where you left right?
(09:26 / All) MomoiroOmnio: i don't want any part of it
(09:55 / All) MomoiroOmnio: I'm waiting for my Rapture to come happen to me...
(10:23 / All) MomoiroOmnio: and meet the Lord in the air. Amen.
(10:34 / All) MomoiroOmnio: high in the sky...
(10:59 / All) MomoiroOmnio: I take back what I said about the death thing
(11:06 / All) MomoiroOmnio: I'm sorry Father Jesus Back
(11:15 / All) MomoiroOmnio: oops Father Jesus Christ
(11:18 / All) MomoiroOmnio: sorry sorry
(11:21 / All) MomoiroOmnio: for real
(12:33 / Allies) xIAolOrd: wanna hit ?
(12:41 / Allies) Smashdeath: y
(13:10 / Allies) junkacct: ty
(13:28 / Allies) junkacct: let it go
(13:30 / All) SwagMasterChang: well, hi guys
(13:36 / All) MomoiroOmnio: hiii...
(13:47 / All) SwagMasterChang: nice repair
(13:48 / All) MomoiroOmnio: there's a Stag
(13:51 / All) MomoiroOmnio: near you
(14:30 / All) SwagMasterChang: hi blue
(14:43 / All) MomoiroOmnio: you guys going to save your ally?
(14:45 / All) MomoiroOmnio: he got owned
(14:47 / All) MomoiroOmnio: badly
(14:56 / All) MomoiroOmnio: wow
(15:00 / All) MomoiroOmnio: you guys lost
(15:13 / All) MomoiroOmnio: nvm
(15:14 / All) MomoiroOmnio: we did
(15:43 / All) SwagMasterChang: hi blue
(15:45 / All) MomoiroOmnio: kill ward
(15:53 / All) SwagMasterChang: good fight
(16:43 / Allies) xIAolOrd: lol
(16:47 / All) SwagMasterChang: lol green
(16:50 / All) NiRiVia: wood plz
(17:16 / All) MomoiroOmnio: cannon tower>?
(17:17 / All) MomoiroOmnio: oh wow
(17:37 / Allies) xIAolOrd: tp ?
(18:26 / Allies) MomoiroOmnio: kill main
(18:39 / All) MomoiroOmnio: looks like you guys lose
(18:43 / All) MomoiroOmnio: could had rushed
(18:45 / All) MomoiroOmnio: but didn't
(18:55 / All) MomoiroOmnio: bad choice
(19:58 / Allies) Smashdeath: stay b
(20:28 / Allies) MomoiroOmnio: kay
(20:30 / All) MomoiroOmnio: we may lose now
(20:35 / All) MomoiroOmnio: keep going
(20:42 / All) MomoiroOmnio: you guys doing it!
(21:12 / All) MomoiroOmnio: lol
(21:17 / All) MomoiroOmnio: couldn't blink
(21:23 / All) MomoiroOmnio: lack for 10 mana
(21:25 / All) MomoiroOmnio: nice...
(21:41 / All) MomoiroOmnio: blue as much as with his bats
(21:44 / All) MomoiroOmnio: he lost
(21:46 / All) SwagMasterChang: well blue, you did the best for your team, too bad they sucked
(21:50 / All) MomoiroOmnio: but could had won still
(22:00 / All) MomoiroOmnio: if he would had just ignored the farms
(22:03 / All) MomoiroOmnio: and other buildings
(22:28 / All) MomoiroOmnio: we obviously can't recover
(22:37 / All) NiRiVia: noob
(23:16 / All) MomoiroOmnio: Team MasterChang wins!
(23:22 / All) NiRiVia: altar
(23:27 / All) MomoiroOmnio: congratulations!
(23:53 / All) SwagMasterChang: LOL
(23:58 / All) SwagMasterChang: TANKS STILL GREEN?
(24:22 / All) SwagMasterChang: LMFAO GREEN OMFG
(25:32 / All) MomoiroOmnio: sad way to lose a match really
(25:38 / All) MomoiroOmnio: pitiful
(25:46 / All) MomoiroOmnio: i mean my team
(25:58 / All) MomoiroOmnio: blue owned two bases
(26:03 / All) MomoiroOmnio: but we lacked combat units
(26:17 / All) MomoiroOmnio: lacked precise judgement of battle
(26:29 / All) MomoiroOmnio: and blue lost his bats
(26:34 / All) MomoiroOmnio: pointlessly
(26:41 / All) MomoiroOmnio: sad, sad, sad...
(27:09 / All) MomoiroOmnio: just use earthquake
(27:11 / All) MomoiroOmnio: on towers
(27:13 / All) MomoiroOmnio: geez
(27:38 / All) MomoiroOmnio: i don't see our team leaving
(27:43 / All) MomoiroOmnio: whatever you guys are doing
(27:49 / All) MomoiroOmnio: you doing something wrong...
(27:56 / All) MomoiroOmnio: a win point
(27:59 / All) MomoiroOmnio: poor pink
(27:59 / Allies) junkacct: just killed pink's last peon i think
(28:22 / All) MomoiroOmnio: Orb of Lightning
(28:26 / All) MomoiroOmnio: can be deadly...
(29:01 / Allies) junkacct: lumber pls
(29:07 / Allies) MomoiroOmnio: it's over
(29:08 / Allies) junkacct: i nkow
(29:11 / Allies) MomoiroOmnio: he towered himself
(29:27 / Allies) junkacct: just need another burrow
(29:42 / All) MomoiroOmnio: you guys losing units
(29:45 / All) MomoiroOmnio: needlessly
(30:02 / All) MomoiroOmnio: don't bother with TC
(30:04 / All) MomoiroOmnio: boom
(30:26 / All) MomoiroOmnio: oraida...
(31:27 / Allies) junkacct: 400 gold for hero
(31:28 / Allies) junkacct: pls
(31:37 / Allies) MomoiroOmnio: keep begging
(31:48 / Allies) MomoiroOmnio: how can you possibly win this>?
(33:33 / Allies) junkacct: bad lag
(33:39 / Allies) junkacct: tried to tp at 300
(33:43 / Allies) junkacct: health
(35:18 / All) MomoiroOmnio: you guys are winning
(35:24 / All) MomoiroOmnio: what a match this is...
(35:25 / All) SwagMasterChang: no shit
(35:42 / All) SwagMasterChang: LOL HI BLUE
(35:52 / All) MomoiroOmnio: blue has 2400 gold
(35:56 / All) MomoiroOmnio: 2410
(36:08 / Allies) Smashdeath: bn
(36:11 / All) MomoiroOmnio: there goes his bats
(36:13 / All) MomoiroOmnio: again...
(36:17 / All) SwagMasterChang: FAIL
(36:58 / Allies) MomoiroOmnio: give gold to yellow
(36:59 / Allies) MomoiroOmnio: blue
(37:06 / Allies) MomoiroOmnio: you got like 2000 gold
(37:08 / Allies) MomoiroOmnio: why?
(37:13 / Allies) Smashdeath: wood plz
(37:15 / Allies) junkacct: you know red?
(37:18 / Allies) junkacct: im a bit busy
(37:22 / All) SwagMasterChang: CHIMS LMFAO
(37:24 / All) SwagMasterChang: AA NOOB
(37:25 / Allies) Smashdeath: kill hero
(37:42 / Allies) MomoiroOmnio: use wells
(37:44 / Allies) MomoiroOmnio: to heal chims
(38:17 / Allies) MomoiroOmnio: use
(38:23 / Allies) MomoiroOmnio: Vengeance
(38:25 / Allies) Smashdeath: wood plz
(38:28 / Allies) MomoiroOmnio: or not...
(38:36 / Allies) Smashdeath: .....
(38:38 / All) MomoiroOmnio: all that gold
(38:45 / All) MomoiroOmnio: and yet my allies can't even use it
(38:49 / Allies) Smashdeath: wood plz
(38:50 / All) MomoiroOmnio: 2800 gold
(39:05 / All) MomoiroOmnio: yellow has +2400
(39:11 / All) MomoiroOmnio: blue +2300
(39:22 / All) MomoiroOmnio: you'd think they really trying...
(39:26 / Allies) Smashdeath: thx
(40:09 / All) MomoiroOmnio: my team is on their last legs
(40:14 / All) MomoiroOmnio: you know that
(40:18 / All) MomoiroOmnio: so hurry up...
(40:45 / Allies) MomoiroOmnio: give gold and wood to green
(40:47 / Allies) MomoiroOmnio: he needs some
(41:04 / All) MomoiroOmnio: how about Reinforced Defense?
(41:12 / All) SwagMasterChang: don't need
(41:15 / All) SwagMasterChang: we won
(41:15 / All) MomoiroOmnio: for Fortified armor Watch Towers
(41:37 / Allies) junkacct: wtf cant seem to kill purp off
(42:25 / All) MomoiroOmnio: blue only has 89 lumber
(42:31 / All) MomoiroOmnio: with over 1700 gold
(42:47 / All) SwagMasterChang: fucking noob
(43:17 / All) SwagMasterChang: and gg you dumb piece of shit
(43:28 / Allies) Smashdeath: vengange
(43:38 / Allies) xIAolOrd: no mana
(43:58 / Allies) xIAolOrd: we done
(44:03 / Allies) xIAolOrd: gg
(44:05 / Allies) junkacct: yeahj
(44:10 / All) SwagMasterChang: LOL
(44:12 / Allies) MomoiroOmnio: tired?
(44:14 / All) SwagMasterChang: gj blue
(44:23 / All) junkacct: lmao
(44:29 / All) junkacct: shoulder sore
(44:48 / All) SwagMasterChang: noobs dragged this on way longer, coulda spent time winning other games
(45:23 / All) MomoiroOmnio: it's so futile
(45:26 / All) MomoiroOmnio: to kill TC
(45:28 / All) SwagMasterChang: ooooh i was right... again
(46:04 / All) SwagMasterChang: lol blue, another base cause you let my peon live
(46:06 / All) MomoiroOmnio: teal is your main force lol...
(46:22 / All) junkacct: teal won it for u guys
(46:26 / All) SwagMasterChang: yep
(46:27 / All) MomoiroOmnio: is orange even alive>?
(46:36 / All) MomoiroOmnio: or pink?
(46:36 / All) junkacct: he left cause of u red
(46:38 / All) SwagMasterChang: lol
(46:43 / All) SwagMasterChang: pink is out too
(46:50 / All) MomoiroOmnio: orange could have won
(46:54 / All) MomoiroOmnio: so could have pink
(47:05 / All) MomoiroOmnio: must be quite disappointing for them...
(47:10 / All) junkacct: teal
(47:14 / All) junkacct: stop killing my stuff
(47:21 / All) SwagMasterChang: JUST GOT FUCKED GREEN LOL
(48:15 / All) SwagMasterChang: LOL GOOD TRY SILLY NOOBS
(48:35 / All) MomoiroOmnio: quite the endurance this match is
(48:40 / All) MomoiroOmnio: so stubborn
(48:50 / All) SwagMasterChang: waste of time this match is, fucking noobs
(48:52 / All) MomoiroOmnio: yet no one on my team has left
(48:53 / All) MomoiroOmnio: yet...
(49:08 / All) SwagMasterChang: FAILURESSSSS
(49:12 / All) SwagMasterChang: YOU HAVE ALLL FAILEED
(49:47 / All) SwagMasterChang: bye bye
(50:02 / All) SwagMasterChang: you noobs
(50:48 / All) SwagMasterChang: LOL YELLOW NICE BASWEEEEE
(50:51 / Allies) MomoiroOmnio: kill hall
(50:52 / Allies) MomoiroOmnio: fast!@
(50:55 / Allies) MomoiroOmnio: hall
(51:06 / Allies) junkacct: vut off their gold
(51:08 / Allies) junkacct: then win
(51:08 / All) SwagMasterChang: TOO FUCKING BAD TEALS MAIN IS UNTOUCHED YOU STUPID NOOBS
(51:21 / All) SwagMasterChang: IF YOU JUST HIT HIM WE WOULD BE OUT 30 MINS AGO LMFAO
(51:30 / Allies) MomoiroOmnio: wisps
(51:33 / Allies) MomoiroOmnio: yellow wisp
(51:35 / All) SwagMasterChang: lol blue blue blue'
(51:42 / Allies) MomoiroOmnio: gold yellow
(51:45 / Allies) MomoiroOmnio: for hall
(51:47 / Allies) MomoiroOmnio: now
(52:03 / Allies) MomoiroOmnio: revealed
(52:05 / Allies) MomoiroOmnio: cancel
(52:06 / Allies) MomoiroOmnio: now
(52:10 / All) SwagMasterChang: LOL YELLOW FUCK YOU
(52:11 / Allies) MomoiroOmnio: you got revealed
(52:33 / Allies) MomoiroOmnio: get wisp
(52:35 / Allies) MomoiroOmnio: out of there
(52:56 / All) SwagMasterChang: lol bluey too late for that
(53:34 / Allies) junkacct: lol red
(54:18 / Allies) MomoiroOmnio: lol
(54:21 / Allies) MomoiroOmnio: you pillage
(54:23 / Allies) MomoiroOmnio: with peon
(54:24 / Allies) MomoiroOmnio: lol
(54:27 / All) SwagMasterChang: yellow, fuck yiu
(54:27 / Allies) junkacct: yup
(54:28 / Allies) MomoiroOmnio: one gold at a time...
(55:10 / Allies) MomoiroOmnio: keep teal busy
(55:12 / Allies) MomoiroOmnio: green
(55:23 / Allies) MomoiroOmnio: yellow must not
(55:26 / All) SwagMasterChang: HSHSHSHSHHSHSHSHSHSHSHSHHSS FUCKCKCKCKCKKCKCKC UYYOYOYOYOYO
(55:26 / Allies) MomoiroOmnio: be discovered!
(56:11 / Allies) MomoiroOmnio: lol
(56:15 / Allies) MomoiroOmnio: tried to Shadow Strike
(56:31 / Allies) MomoiroOmnio: think he might map hack
(56:49 / Allies) junkacct: lumber pls
(56:52 / Allies) MomoiroOmnio: kill TC
(56:53 / Allies) MomoiroOmnio: NOW
(56:57 / Allies) MomoiroOmnio: he revived!
(57:07 / Allies) MomoiroOmnio: wisps
(57:08 / Allies) MomoiroOmnio: OUT
(57:09 / Allies) MomoiroOmnio: now
(57:20 / Allies) MomoiroOmnio: bolt TC
(57:21 / Allies) MomoiroOmnio: strike
(58:06 / Allies) MomoiroOmnio: so did the MK
(58:10 / Allies) MomoiroOmnio: should have bolted
(58:20 / Allies) MomoiroOmnio: kill altar
(58:26 / All) MomoiroOmnio: what's wrong?
(58:36 / All) MomoiroOmnio: and you called us noobs
(58:44 / All) MomoiroOmnio: look whose the "noobs" now?
(58:52 / Allies) junkacct: lumber PLEASE
(59:02 / All) tactical: fuck u fags'
(59:07 / Allies) MomoiroOmnio: yellow has
(59:12 / Allies) MomoiroOmnio: plenty of lumber
(59:17 / Allies) junkacct: just 100
(59:19 / Allies) MomoiroOmnio: lumber blue
(59:20 / Allies) MomoiroOmnio: now
(59:36 / Allies) Smashdeath: wood plz
(59:52 / All) MomoiroOmnio: no more Tauren Chieftain Level 10
(59:54 / Allies) junkacct: if i get 100 wood i can start a hall
(59:57 / Allies) junkacct: and pay back ;later
(60:00 / Allies) Smashdeath: need wood yellow
(60:04 / All) MomoiroOmnio: this is the greatest Backstabbing Battle
(60:09 / All) MomoiroOmnio: I've ever seen...
(60:16 / All) tactical: fuck u fagget fuck
(60:29 / All) MomoiroOmnio: Victory!
(60:34 / Allies) junkacct: yellow, lumber pls
(60:37 / All) MomoiroOmnio: whose to blame
(60:37 / Allies) junkacct: you have over 4k
(60:40 / All) MomoiroOmnio: but your self
(60:46 / All) MomoiroOmnio: you have taken us too lightly
(60:48 / All) tactical: stfu fagget
(61:05 / Allies) MomoiroOmnio: revive
(61:06 / Allies) junkacct: YELLOW, EARTH TO YELLOW
(61:06 / Allies) MomoiroOmnio: MK
(61:07 / All) tactical: fags got nothin els better to do fagget fuck
(61:12 / Allies) xIAolOrd: ?
(61:15 / Allies) Smashdeath: wood
(61:16 / All) MomoiroOmnio: i tried
(61:19 / Allies) junkacct: wood pls
(61:22 / All) MomoiroOmnio: to make my allies leave
(61:29 / Allies) junkacct: ty!
(61:32 / All) MomoiroOmnio: but instead they kept pushing on...
(61:36 / Allies) xIAolOrd: im high my bad
(61:36 / Allies) Smashdeath: me too
(61:40 / Allies) junkacct: lol
(61:49 / All) MomoiroOmnio: none of my allies left...
(61:56 / All) MomoiroOmnio: I got to save this replay